 Dungeon Crawl Stone Soup version 0.30-a0-7-g94fe547ab8 (webtiles) character file.

Game seed: 12721125270933678288

39 Nedwor the Ducker (level 3, -3/28 HPs)
             Began as a Demonspawn Gladiator on Aug 23, 2022.
             Slain by Sigmund
             ... wielding a +2 scythe of venom
              (10 damage)
             ... on level 2 of the Dungeon.
             The game lasted 00:01:35 (1569 turns).

Nedwor the Ducker (Demonspawn Gladiator)            Turns: 1569, Time: 00:01:36

Health: -3/28      AC:  7    Str: 16    XL:     3   Next: 28%
Magic:  3/3        EV: 12    Int:  9    God:
Gold:   48         SH:  0    Dex: 14    Spells: 2/2 levels left

rFire   . . .      SeeInvis .    a - +0 rapier
rCold   . . .      Faith    .    (no shield)
rNeg    . . .      Spirit   .    b - +0 leather armour
rPois   .          Reflect  .    c - +0 helmet
rElec   .          Harm     .    (no cloak)
rCorr   .          Rampage  .    (no gloves)
Will    .....                    (no boots)
Stlth   +.........               (no amulet)
HPRegen 0.09/turn                (no ring)
MPRegen 0.08/turn                (no ring)

@: lethally poisoned (-3 -> -9)
A: icy blue scales 2
a: no special abilities


You were on level 2 of the Dungeon.
You visited 1 branch of the dungeon, and saw 2 of its levels.

You collected 48 gold pieces.

Inventory:

Hand Weapons
 a - a +0 rapier (weapon)
Missiles
 d - 3 throwing nets (quivered)
 e - a javelin
Armour
 b - a +0 leather armour (worn)
 c - a +0 helmet (worn)
Magical Staves
 g - a staff of earth
Jewellery
 f - a ring of fire
Scrolls
 h - 2 scrolls of teleportation {unknown}
 i - a scroll of immolation {unknown}
 j - a scroll of identify {unknown}
Potions
 k - a potion of heal wounds {unknown}


   Skills:
 + Level 2.5 Fighting
 + Level 3.0 Short Blades
 - Level 1.7 Throwing
 + Level 1.1 Armour
 + Level 3.1 Dodging


You had 2 spell levels left.
You didn't know any spells.
Your spell library contained the following spells:

 Spells                   Type           Power      Damage    Failure   Level
 Stone Arrow              Conj/Erth      0%         3d7       83%         3
 Animate Armour           Summ/Erth      0%         N/A       99%         4
 Lehudib's Crystal Spear  Conj/Erth      0%         10d2      100%        8


Dungeon Overview and Level Annotations

Branches:
Dungeon (2/15)

Altars:

Annotations:
D:2 Sigmund


Innate Abilities, Weirdness & Mutations

You are mostly covered in icy blue scales. (AC +3)


Message History

You hit the ball python.
The ball python is moderately wounded.
The ball python misses you. The ball python barely misses you.
You hit the ball python.
The ball python is severely wounded.
The ball python bites you but does no damage.
The ball python closely misses you.
A bat comes into view.
Sigmund casts a spell at you. You resist with significant effort.
The ball python bites you but does no damage.
The ball python grabs you. The ball python constricts you.
You escape the ball python's grasp.
Sigmund hits you from afar with a +2 scythe of venom!
The bat hits you but does no damage. The bat attacks as you move away!
The bat closely misses you. The bat completely misses you.
The bat hits you but does no damage. x2
The bat closely misses you. The bat hits you but does no damage.
The bat hits you but does no damage.
You hit the bat.
You kill the bat!
You hit the ball python but do no damage.
The ball python is heavily wounded.
The ball python bites you but does no damage.
The ball python grabs you. The ball python constricts you.
Sigmund hits you from afar with a +2 scythe of venom.
You are poisoned.
The ball python bites you but does no damage.
The ball python constricts you.
Unknown command.
You hit the ball python.
You kill the ball python!
You feel very sick.
You feel sick. Sigmund misses you.
You closely miss Sigmund.
* * * LOW HITPOINT WARNING * * *
You feel sick.
Sigmund hits you with a +2 scythe of venom!
You die...

......# #.....#
#.....#
#.####.....#
#..........#
#####..@...#
#.#.##.....
#.#.##############
# #.@@...........
######.......###
#..........
#.......#
#.......#
#.......#
#.......#
#.......#
#.......#


You could see Sigmund.

Vanquished Creatures
  An adder (D:2)
  A dart slug (D:1)
  2 bats
  2 endoplasms (D:1)
  2 goblins
  6 hobgoblins (D:1)
  3 jackals (D:1)
  A kobold (D:1)
  A quokka (D:1)
  2 ball pythons
  3 frilled lizards (D:1)
  2 rats
26 creatures vanquished.

Notes
Turn   | Place    | Note
-------+----------+-------------------------------------------
     0 | D:1      | Nedwor the Demonspawn Gladiator began the quest for the
                  | Orb.
     0 | D:1      | Reached XP level 1. HP: 16/16 MP: 1/1
   166 | D:1      | Gained mutation: You are partially covered in icy blue
                  | scales. (AC +2) [demonic ancestry]
   166 | D:1      | Reached XP level 2. HP: 11/22 MP: 2/2
   693 | D:1      | Found a faded altar of an unknown god.
  1036 | D:1      | Reached skill level 1 in Armour
  1464 | D:2      | Gained mutation: You are mostly covered in icy blue scales.
                  | (AC +3) [demonic ancestry]
  1464 | D:2      | Reached XP level 3. HP: 21/28 MP: 3/3
  1554 | D:2      | Noticed Sigmund
  1569 | D:2      | Slain by Sigmund

Illustrated notes

Levels and vault maps discovered:
D:1:      dpeg_arrival_tiny_g, layout_basic, dreamdust_ecumenical_altar_statues
D:2:      layout_basic, serial_shops, nicolae_shop_overgrown_old_shop,
          uniq_sigmund

Skill      XL: |  1  2 |
---------------+-------+-----
Short Blades   | 3 |  3.0
Dodging        | 3 |  3.1
Armour         | 1 |  1.1
Fighting       | |  2.5
Throwing       | |  1.7

Action                   || total
-------------------------++-------
Melee: Rapier            ||   108
       Punch             ||     1
Armor: Leather armour    ||    62
Dodge: Dodged            ||    66

Table legend: (Time is in decaauts)
 A = Elapsed time spent in this place.
 B = Non-inter-level travel time spent in this place.
 C = Inter-level travel time spent in this place.
 D = Time resting spent in this place.
 E = Time spent auto-exploring this place.
 F = Levels seen in this place.
 G = Mean time per level.
                   A        B        C        D        E       F      G
               +--------+--------+--------+--------+--------+-----+--------+
         Total |   1574 |   1552 |     22 |      0 |   1344 |   2 |  787.0 |
       Dungeon |   1574 |   1552 |     22 |      0 |   1344 |   2 |  787.0 |
               +--------+--------+--------+--------+--------+-----+--------+

Top non-repeatable levels by time:
     D:1: 1458 daAuts
     D:2: 115 daAuts
